 Dungeon Crawl Stone Soup version 0.16.1-2-g95b8d4c (webtiles) character file.

588065 Chiseanne the Sensei (level 27, -13/159 HPs)
             Began as a Vine Stalker Monk on Mar 25, 2015.
             Was an Initiate of Gozag.
             Killed by the air
             ... invoked by a spriggan air mage
              (16 damage)
             ... on level 13 of a ziggurat.
             The game lasted 05:31:01 (58141 turns).

Chiseanne the Sensei (Vine Stalker Monk)           Turns: 58141, Time: 05:31:01

Health: -13/159    AC: 23    Str: 33    XL:     27
Magic:  0/40       EV: 31    Int: 10    God:    Gozag
Gold:   4152       SH: 27    Dex: 45    Spells: 2 memorised, 37 levels left

rFire  + + +     SeeInvis .       - Unarmed
rCold  + + .     Clarity  .     N - +1 troll leather armour of Least Resistance {Regen+ rCorr Str+7 Stlth-}
rNeg   + + .     SustAb   .     J - +5 shield {reflect} {Donald}
rPois  .         Gourm    .     R - +2 helmet of the Tundras {Str+4}
rElec  +         Spirit   +     X - +0 cloak of Starlight {rElec rC+ EV+4 Stlth-}
rCorr  +         Warding  +     B - +2 pair of gloves {Dex+3}
rMut   .         Stasis   .     W - -1 pair of boots "Hodek" {rF+}
MR     +++..     NoCast   +     H - macabre finger necklace {Ward rN+}
Stlth  ++........               i - ring of Itatryv {-Cast AC+5 Dex+9}
                                S - ring of Tumiem {+Fly rElec rN+ Dex+7}
                                n - ring of the Stag {+cTele +Fly rF++ Dex+4}

@: very slightly contaminated, extremely resistant to hostile enchantments,
unstealthy
A: fangs 3, large bone plates 1, cold resistance 1, regeneration 3, spit poison
1, magic shield, antimagic bite, no device heal 3, rot immunity
a: Spit Poison, Potion Petition, Call Merchant, Bribe Branch, Renounce Religion,
Evoke Flight, Evoke Teleport Control
}: 3/15 runes: decaying, serpentine, silver


You were on level 13 of a ziggurat.
You worshipped Gozag.
Gozag was noncommittal.
You were hungry.

You visited 8 branches of the dungeon, and saw 50 of its levels.
You visited 1 ziggurat, and saw 13 of its levels.
You also visited: Labyrinth, Sewer, Ice Cave and Volcano.

You collected 31450 gold pieces.
You spent 13616 gold pieces at shops.
You paid 13682 gold pieces to Gozag.

Inventory:

Missiles
 K - a throwing net (quivered)
Armour
 f - the +3 ring mail of the Sun {rElec rPois Str+4}
   (You found it on level 6 of the Dungeon)

   It affects your strength (+4).
   It insulates you from electricity.
   It protects you from poison.
 w - the +3 ring mail of Generosity {+Inv rF- rN++ Dex+5}
   (You found it on level 7 of a ziggurat)

   It affects your dexterity (+5).
   It makes you vulnerable to fire.
   It greatly protects you from negative energy.
   It lets you turn invisible.
 B - a +2 pair of gloves of dexterity (worn)
 J - a +5 shield of reflection (worn) {Donald}
 N - the +1 troll leather armour of Least Resistance (worn) {Regen+ rCorr Str+7 Stlth-}
   (You found it on level 11 of a ziggurat)

   It affects your strength (+7).
   It increases your rate of regeneration.
   It protects you from acid and corrosion.
   It makes you less stealthy.
 R - the +2 helmet of the Tundras (worn) {Str+4}
   (You bought it in a shop on level 4 of the Orcish Mines)

   It affects your strength (+4).
 W - the -1 pair of boots "Hodek" (worn) {rF+}
   (You acquired it on level 2 of the Depths)

   It protects you from fire.
 X - the +0 cloak of Starlight (worn) {rElec rC+ EV+4 Stlth-}
   (You bought it in a shop on level 15 of the Dungeon)

   It affects your evasion (+4).
   It protects you from cold.
   It insulates you from electricity.
   It makes you less stealthy.
Rods
 b - a +4 rod of ignition (1/12)
   (You found it on level 6 of a ziggurat)
 v - a +4 rod of ignition (5/9)
   (You took it off a tengu reaver on level 5 of the Vaults)
Jewellery
 i - the ring of Itatryv (right hand) {-Cast AC+5 Dex+9}
   (You bought it in a shop on level 11 of the Dungeon)

   [ring of protection]

   It affects your AC (+5).
   It affects your dexterity (+9).
   It prevents spellcasting.
 n - the ring of the Stag (on amulet) {+cTele +Fly rF++ Dex+4}
   (You bought it in a shop on level 1 of the Lair of Beasts)

   [ring of teleport control]

   It can be evoked for teleport control.
   It affects your dexterity (+4).
   It greatly protects you from fire.
   It lets you fly.
 A - an uncursed ring of see invisible
 H - the macabre finger necklace (around neck) {Ward rN+}
   (You found it on level 3 of the Elven Halls)

   [amulet of warding]

   It may prevent the melee attacks of summoned creatures.
   It protects you from negative energy.
 S - the ring of Tumiem (left hand) {+Fly rElec rN+ Dex+7}
   (You bought it in a shop on level 14 of the Dungeon)

   [ring of flight]

   It affects your dexterity (+7).
   It insulates you from electricity.
   It protects you from negative energy.
   It lets you fly.
Magical devices
 g - a wand of teleportation (3)
 h - a wand of lightning (5)
 o - a wand of hasting (8)
Scrolls
 k - 7 scrolls of blinking
 p - 8 scrolls of immolation
 t - 11 scrolls of fog
 u - 14 scrolls of teleportation
 z - 28 scrolls of identify
 F - 2 scrolls of holy word
 G - 16 scrolls of remove curse
 O - a scroll of magic mapping
 P - 11 scrolls of fear
 T - a scroll of silence
Potions
 c - 32 potions of curing
 j - 4 potions of berserk rage
 m - a potion of haste
 r - 4 potions of ambrosia
 s - 6 potions of magic
 C - 6 potions of agility
 D - 11 potions of restore abilities
 I - 8 potions of resistance
 M - 3 potions of might
 V - 2 potions of cancellation
 Z - 4 potions of invisibility
Books
 a - the Compendium of Fascination
   (You found it on level 10 of a ziggurat)

   Spells                             Type                      Level
   a - Spectral Weapon                Hexes/Charms                 3
   b - Fulminant Prism                Conjuration/Hexes            4
   c - Discord                        Hexes                        8
 e - a book of Party Tricks

   Spells                             Type                      Level
   a - Summon Butterflies             Summoning                    1
   b - Apportation                    Translocation                1
   c - Tukima's Dance                 Hexes                        3
   d - Alistair's Intoxication        Transmutation/Poison         4
   e - Invisibility                   Hexes                        6
 q - Fedyeps' Grimoire of Companions
   (You found it on level 7 of a ziggurat)

   Spells                             Type                      Level
   a - Summon Small Mammal            Summoning                    1
   b - Call Imp                       Summoning                    2
   c - Summon Forest                  Summoning/Translocation      5
   d - Monstrous Menagerie            Summoning                    6
 Q - Witchery Continued
   (You found it on level 12 of a ziggurat)

   Spells                             Type                      Level
   a - Regeneration                   Charms/Necromancy            3
   b - Stone Arrow                    Conjuration/Earth            3
   c - Spectral Weapon                Hexes/Charms                 3
   d - Call Canine Familiar           Summoning                    3
   e - Portal Projectile              Translocation                3
Miscellaneous
 x - a fan of gales (inert)
 y - a disc of storms
 E - a stone of tremors (inert)
 U - a lamp of fire (inert)
 Y - a phial of floods
Comestibles
 d - 5 bread rations
 l - 27 meat rations


   Skills:
 * Level 21.3 Fighting
 * Level 13.6 Armour
 - Level 10.0 Dodging
 - Level 2.4 Stealth
 - Level 20.0 Shields
 * Level 24.0 Unarmed Combat
 - Level 7.1 Spellcasting
 * Level 14.9 Evocations


You had 37 spell levels left.
You knew the following spells:

 Your Spells              Type           Power        Failure   Level  Hunger
a - Swiftness             Chrm/Air       #.......     34%         2    ##.....
b - Apportation           Tloc           #.........   21%         1    None


Dungeon Overview and Level Annotations

Branches:
Dungeon (15/15)            Temple (0/1) D:5            Lair (8/8) D:9
  Swamp (5/5) Lair:4        Snake (5/5) Lair:3        Slime (0/6) Lair:6
    Orc (4/4) D:9             Elf (3/3) Orc:4        Vaults (5/5) D:13
  Crypt (0/3) Vaults:2     Depths (5/5) D:15            Zot (0/5) Depths:5

Altars:
Ashenzari
Fedhas
Gozag
Kikubaaqudgha
Makhleb
Nemelex Xobeh
Okawaru
Qazlal
Ru
Vehumet
Xom
Yredelemnul
Zin
The Shining One

Shops:
D:6 [   D:7 (   D:11 =   D:13 (   D:14 =   D:15 [   Orc:4 [=%(*   Lair:1 =:=
Vaults:1 *   Vaults:2 %=   Vaults:3 =?   Depths:1 !=

Portals:
Hell: Depths:1 Depths:2 Depths:3 Depths:4 Depths:5
Abyss: Depths:4
Pandemonium: Depths:3

Annotations:
D:13 Norris
Snake:1 exclusion: Roxanne, Roxanne
Elf:2 3 runed doors
Zig:13 exclusion: 3 oklob plants


Innate Abilities, Weirdness & Mutations

You have razor-sharp teeth.
You regenerate.
When hurt, damage is shared between your health and your magic reserves.
Your bite disrupts and absorbs the magic of your enemies.
Potions and wands cannot restore your health.
You are immune to rotting.
You are partially covered in large bone plates (AC +2, SH +2).
Your flesh is cold resistant.
You can spit poison.


Message History

The titan shouts!
The shock serpent is no longer distracted by gold.
The air elemental is distracted by the nearby gold.
Your air elemental is engulfed in roaring flames.
Your air elemental hits the shock serpent!
The shock serpent dies!
The air sparks with electricity!
The shock serpent completely misses your air elemental.
Your air elemental is engulfed in roaring flames.
The shock serpent is distracted by the nearby gold. x2
The titan waves its arms in wide circles.
The air twists around and strikes you!
* * * LOW HITPOINT WARNING * * *
The titan waves its arms in wide circles.
The air twists around and strikes you!
* * * LOW HITPOINT WARNING * * *
The spriggan air mage waves its arms in wide circles.
The air twists around and strikes you!
You die...
Your body crumbles into a pile of gold.

▓▓▓▓▓▓▓▓▓▓
▓▓§........
▓▓§..........
▓§v.@..C.....
▓▓..i....v.....
▓▓C.iC.....P...
▓▓E§S.CiS...P...
▓§§EC.i.........
▓▓SSSEv..PP....
▓▓§......P.P.
▓▓..E..§...
▓......


You could see 5 titans, 3 oklob plants, 5 shock serpents, 4 spriggan air magi,
an air elemental (unaware), 3 insubstantial wisps, 2 friendly fire elementals
and a friendly air elemental.

Vanquished Creatures
  3 ancient liches
  Margery (Vaults:2)
  Saint Roka (Swamp:5)
  A caustic shrike (Zig:6)
  Mara (Elf:3)
  2 golden dragons (Depths:5)
  A profane servitor (Depths:2)
  2 tentacled monstrosities (Vaults:5)
  A hellephant (Zig:9)
  Vashnia (Snake:5)
  2 Hell Sentinels
  6 titans
  4 deep elf master archers (Elf:3)
  Asterion (Swamp:3)
  4 deep elf blademasters (Elf:3)
  4 liches
  A Shadow Fiend (Elf:3)
  An octopode crusher (Depths:2)
  2 shadow dragons (Vaults:5)
  7 sphinxes
  Agnes (Elf:3)
  5 thorn hunters
  2 player illusions (Elf:3)
  8 tengu reavers
  Kirke (Elf:3)
  Frances (Snake:5)
  3 storm dragons
  A draconian monk (Zig:12)
  5 iron dragons
  Donald (D:13)
  10 frost giants
  9 fire giants
  8 greater nagas
  8 deep elf sorcerers
  Aizul (Snake:4)
  Louise (Elf:3)
  A caustic shrike zombie (Depths:3)
  A draconian knight (Zig:12)
  16 vault wardens
  3 draconian zealots
  2 emperor scorpions
  3 draconian scorchers
  The ghost of Monkaria the Severer, a powerful DDSk of Makhleb (Orc:4)
  Gastronok (Lair:3)
  25 ironheart preservers
  Jorgrun (Depths:2)
  2 draconian annihilators
  16 very ugly things
  A draconian caller (Zig:12)
  An ophan (Zig:9)
  A blood saint (Zig:11)
  3 war gargoyles (Vaults:5)
  17 stone giants
  6 rakshasas
  4 red draconians
  A black draconian (Zig:12)
  A lorocyproca (Elf:3)
  3 deep elf demonologists
  A purple draconian (Depths:5)
  2 green draconians (Zig:12)
  A vampire knight (Depths:2)
  7 deep elf annihilators
  6 dire elephants
  A white draconian (Depths:5)
  3 yellow draconians
  A pale draconian (Depths:5)
  17 ettins
  2 pearl dragon zombies (Depths:2)
  3 merfolk javelineers (Zig:8)
  Snorg (Snake:5)
  36 vault guards
  A green death (Elf:3)
  A crystal guardian (Zig:7)
  A merfolk impaler (Zig:8)
  10 deep elf death magi
  The ghost of Veiltonx the Basher, a powerful GrFi of Okawaru (Orc:4)
  3 deep elf high priests
  5 great orbs of eyes
  10 fire dragons
  16 yaktaur captains
  A minotaur (Lab)
  8 ice dragons
  Harold (Lair:1)
  A catoblepas (Lair:5)
  19 hydras
  8 naga warriors
  2 ghost crabs (Swamp:5)
  6 anacondas
  7 centaur warriors
  Erica (Orc:4)
  2 merfolk aquamancers
  6 spriggan air magi
  4 alligators
  19 ogre magi
  7 tengu warriors
  25 death yaks
  A death knight (Depths:2)
  6 deep troll earth magi
  3 hell hogs (Depths:2)
  15 naga sharpshooters
  2 dancing weapons (Vaults:5)
  Urug (Orc:4)
  8 deep troll shamans
  5 shock serpents
  2 orc high priests
  7 spriggan berserkers
  3 salamander mystics
  Nergalle (D:15)
  2 fire crabs (Vaults:2)
  13 deep elf knights
  2 sun demons
  11 unseen horrors
  3 skeletal warriors (D:13)
  4 iron trolls
  An unseen horror (shapeshifter) (Vaults:1)
  12 hell knights
  A spatial maelstrom (Zig:9)
  4 giant orange brains
  A fire crab (shapeshifter) (Depths:4)
  2 ice devils (Depths:3)
  11 naga ritualists
  A sea snake (shapeshifter) (Vaults:5)
  A shadow demon (Depths:3)
  4 wizards
  12 swamp dragons
  9 flayed ghosts
  An ice statue (IceCv)
  20 deep elf summoners
  7 necromancers
  16 orc knights
  35 deep trolls
  2 harpies (shapeshifter)
  A hill giant (shapeshifter) (Vaults:5)
  3 harpies (Vaults:5)
  17 ironbrand convokers
  13 hill giants
  A wolf spider zombie (D:14)
  4 hornets
  2 orb spiders (Zig:3)
  21 deep elf conjurers
  3 oklob plants (Zig:13)
  9 mana vipers
  63 ugly things
  A lindwurm (Volcano)
  6 wolf spiders
  14 salamanders
  3 sixfirhies (Elf:3)
  2 manticores
  A phantasmal warrior (Vaults:5)
  8 cyclopes
  5 griffons
  A water nymph (Zig:8)
  4 orc sorcerers
  3 elephants (Lair:8)
  4 apis skeletons (Depths:2)
  A fire giant skeleton (Depths:3)
  Maurice (D:8)
  Joseph (D:8)
  A moth of wrath (Zig:3)
  A centaur zombie (D:15)
  35 black mambas
  4 torpor snails
  2 smoke demons (Zig:9)
  6 guardian serpents
  13 vault sentinels
  2 guardian serpents (shapeshifter)
  16 spiny frogs
  2 gargoyles
  29 naga magi
  Psyche (D:11)
  42 yaktaurs
  A yaktaur (shapeshifter) (Elf:2)
  A tormentor (Zig:1)
  2 hellwings (Depths:3)
  2 demonic crawlers (Elf:3)
  15 komodo dragons
  A kobold demonologist (D:11)
  2 ancient zymes (Zig:9)
  A wandering mushroom (Lair:8)
  A fire drake (shapeshifter) (Elf:3)
  4 freezing wraiths
  2 trolls (shapeshifter)
  15 deep elf priests
  3 tengu conjurers
  7 fire drakes
  3 raiju (shapeshifter)
  6 blue devils
  2 snapping turtles (Zig:8)
  8 merfolk (Zig:8)
  29 two-headed ogres
  10 trolls
  13 polar bears (IceCv)
  A polar bear (shapeshifter) (D:13)
  6 giant leeches
  3 boulder beetles
  4 bog bodies
  A hornet zombie (D:15)
  3 jumping spiders
  6 basilisks
  A blink frog (shapeshifter) (Vaults:2)
  13 ravens
  A flying skull (Zig:1)
  3 large abominations (Zig:9)
  30 slime creatures
  2 shadows
  7 air elementals
  20 blink frogs
  3 trapdoor spiders
  An elf skeleton (Depths:3)
  6 redbacks
  A wyvern (shapeshifter) (Depths:1)
  A yak (shapeshifter) (Depths:3)
  A spriggan skeleton (Depths:3)
  A tarantella (Elf:1)
  4 vampires
  5 wraiths
  3 spriggans (shapeshifter)
  2 hogs (Elf:3)
  11 water elementals
  2 fire elementals (Depths:1)
  A hill giant zombie (D:9)
  23 deep elf magi
  A chaos spawn (Snake:5)
  17 hippogriffs
  10 spriggans
  2 ynoxinuls (Zig:9)
  15 humans (D:13)
  8 fire bats
  4 wyverns
  20 deep elf fighters
  3 mottled dragons
  12 wolves
  59 yaks
  A hog (shapeshifter) (Elf:1)
  3 wargs
  4 hungry ghosts
  60 nagas
  A human simulacrum (Vaults:3)
  3 neqoxecs (Zig:9)
  Edmund (D:8)
  19 swamp worms
  4 steam dragons
  30 vampire mosquitoes
  7 porcupines
  A hell hound (Volcano)
  3 sky beasts
  2 spiders (Lair:8)
  41 water moccasins
  12 ice beasts
  3 phantoms
  An eye of draining (D:10)
  37 orc warriors
  85 ogres
  2 black bears
  8 swamp drakes
  15 wasps
  2 boggarts (Depths:4)
  A lost soul (Elf:3)
  7 necrophages
  2 boring beetles (shapeshifter)
  14 centaurs
  A chimera (Swamp:3)
  15 crocodiles
  18 giant frogs
  8 big kobolds
  Blork the orc (D:8)
  2 troll zombies (D:9)
  6 killer bees
  A wyvern skeleton (D:14)
  6 scorpions
  2 electric eels
  4 wights (D:9)
  A goliath beetle (D:6)
  A goliath beetle (shapeshifter) (Elf:1)
  3 jellies
  8 hounds
  15 orc priests
  5 centaur skeletons
  8 crimson imps
  A giant frog skeleton (D:10)
  12 iguanas
  3 iron imps (Depths:3)
  27 orc wizards
  12 hell rats
  A lightning spire (Zig:10)
  12 worker ants
  A killer bee zombie (D:5)
  32 sheep
  A spectral swamp drake (Swamp:5)
  Ijyb (D:2)
  5 ogre zombies (D:9)
  A hound zombie (D:8)
  3 mummies
  A hound skeleton (D:8)
  5 gnolls
  A worker ant zombie (D:11)
  36 adders
  39 river rats
  7 shadow imps
  A giant mite (D:6)
  2 white imps
  6 ufetubi
  2 adder skeletons
  6 giant geckos
  An ooze (Sewer)
  146 orcs
  17 ball pythons
  19 bats
  2 bat skeletons
  2 bat zombies
  7 giant cockroaches
  13 goblins
  16 hobgoblins
  3 giant newts
  A giant spore (D:6)
  2 goblin skeletons (D:9)
  3 goblin zombies (D:9)
  A hobgoblin skeleton (D:9)
  2 hobgoblin zombies (D:9)
  4 jackals
  44 kobolds
  7 orc skeletons (D:9)
  10 orc zombies (D:9)
  12 quokkas
  A quokka zombie (D:8)
  38 rats
  A ballistomycete (D:6)
  An eldritch tentacle segment (Zig:11)
  10 fungi
  4 plants
2546 creatures vanquished.

Vanquished Creatures (collateral kills)
  2 naga warriors (Snake:4)
  A naga sharpshooter (Snake:5)
  A shock serpent (Zig:13)
  A naga ritualist (Snake:5)
  A salamander (Snake:5)
  2 naga magi (Snake:5)
  2 trolls (Orc:4)
  A raiju (Zig:13)
  A two-headed ogre (Orc:4)
  A deep elf mage (D:11)
  2 vampire mosquitoes
  An insubstantial wisp (Zig:4)
  6 nagas
  2 centaurs (D:11)
  A hound (D:11)
  A giant gecko (D:11)
26 creatures vanquished.

Vanquished Creatures (others)
  An eldritch tentacle (Zig:11)
  A fire giant (Vaults:5)
  A draconian scorcher (Zig:12)
  A draconian knight (Zig:12)
  4 chimeras
  2 stone giants
  A white draconian (Zig:12)
  2 yaktaur captains
  An ogre mage (Depths:3)
  2 naga sharpshooters (Snake:4)
  2 deep elf knights
  A deep elf summoner (Zig:5)
  3 cyclopes
  2 vault sentinels
  A salamander (Depths:2)
  4 air elementals
  A deep elf priest (Zig:5)
  9 yaktaurs
  A raven (Depths:2)
  A spriggan (Swamp:5)
  A blink frog (Swamp:4)
  2 deep elf magi
  A human (Elf:3)
  3 deep elf fighters
  A yaktaur simulacrum (Vaults:2)
  3 earth elementals (Zig:13)
  2 wargs (Swamp:5)
  3 orc warriors (Swamp:5)
  2 ogres
  A wasp (Swamp:5)
  2 swamp drakes (Swamp:5)
  A boggart (Depths:4)
  3 lost souls (Elf:3)
  An iguana (Lair:3)
  An orc wizard (Orc:2)
  A hell rat (Elf:2)
  2 adders (D:11)
  11 ufetubi (Zig:9)
  2 orcs (Swamp:5)
  A kobold (D:11)
  A lurking horror (Zig:9)
  A butterfly (D:11)
  19 eldritch tentacle segments (Zig:11)
  6 plants
112 creatures vanquished.

Grand Total: 2684 creatures vanquished

Notes
Turn   | Place    | Note
--------------------------------------------------------------
     0 | D:1      | Chiseanne, the Vine Stalker Monk, began the quest for the Orb.
     0 | D:1      | Reached XP level 1. HP: 11/11 MP: 1/1
   192 | D:1      | Reached XP level 2. HP: 7/16 MP: 3/3
   513 | D:1      | Reached XP level 3. HP: 15/19 MP: 4/4
   680 | D:2      | Noticed Ijyb
   694 | D:2      | Killed Ijyb
   810 | D:2      | Found a burning altar of Makhleb.
   885 | D:2      | Reached XP level 4. HP: 24/24 MP: 5/5
  1056 | D:3      | Found an opulent altar of Gozag.
  1076 | D:3      | Became a worshipper of Gozag Ym Sagoz the Greedy
  1394 | D:2      | Noticed an angel
  1395 | D:2      | Found a glowing silver altar of Zin.
  1580 | D:3      | Reached skill level 1 in Armour
  1610 | D:3      | Found a basalt altar of Yredelemnul.
  1668 | D:3      | Reached XP level 5. HP: 25/28 MP: 7/7
  2303 | D:4      | Reached skill level 5 in Unarmed Combat
  2517 | D:4      | Found a blossoming altar of Fedhas.
  2669 | D:4      | Gained mutation: You heal very quickly. [vine stalker growth]
  2669 | D:4      | Reached XP level 6. HP: 29/32 MP: 8/8
  3050 | D:5      | Entered Level 5 of the Dungeon
  3117 | D:5      | Reached skill level 1 in Shields
  3169 | D:5      | Found a staircase to the Ecumenical Temple.
  3482 | D:5      | Found a stormy altar of Qazlal.
  3482 | D:5      | Noticed a fire elemental
  3487 | D:5      | Noticed an air elemental
  3488 | D:5      | Noticed a water elemental
  3796 | D:6      | Reached XP level 7. HP: 21/37 MP: 9/9
  3844 | D:6      | Found a glowing drain.
  3863 | Sewer    | Entered a sewer
  4477 | D:6      | Found a stormy altar of Qazlal.
  4555 | D:6      | Found Duwox's Antique Armour Boutique.
  4560 | D:6      | Bought a shiny chain mail for 121 gold pieces
  4560 | D:6      | Bought a shiny chain mail for 121 gold pieces
  4992 | D:6      | Noticed a water moccasin
  5001 | D:6      | Killed a water moccasin
  5001 | D:6      | Gained mutation: You have razor-sharp teeth. [vine stalker growth]
  5001 | D:6      | Reached XP level 8. HP: 29/42 MP: 11/11
  5050 | D:6      | Found a glowing golden altar of the Shining One.
  5514 | D:6      | Reached skill level 6 in Unarmed Combat
  5544 | D:6      | Got a jewelled ring mail
  5661 | D:7      | Found Okkilacur's Antique Weapon Boutique.
  5765 | D:7      | Found a shimmering altar of Xom.
  5860 | D:7      | Reached skill level 5 in Fighting
  6139 | D:7      | Reached XP level 9. HP: 47/47 MP: 12/12
  6157 | D:7      | Reached skill level 7 in Unarmed Combat
  6302 | D:8      | Noticed Edmund
  6314 | D:8      | Killed Edmund
  6396 | D:8      | Reached skill level 5 in Shields
  6473 | D:8      | Found an iron altar of Okawaru.
  6628 | D:8      | Reached skill level 5 in Armour
  6631 | D:8      | Reached skill level 8 in Unarmed Combat
  6756 | D:8      | Noticed Joseph
  6758 | D:8      | Noticed Blork the orc
  6769 | D:8      | Killed Blork the orc
  6800 | D:8      | Reached XP level 10. HP: 33/53 MP: 13/13
  6814 | D:8      | Killed Joseph
  6869 | D:8      | Noticed Maurice
  6896 | D:8      | Killed Maurice
  7305 | D:9      | Found a staircase to the Lair.
  7360 | D:9      | Found a glowing golden altar of the Shining One.
  7401 | D:9      | Found a staircase to the Orcish Mines.
  7844 | D:9      | Found a shimmering altar of Xom.
  7904 | D:9      | Reached skill level 9 in Unarmed Combat
  8070 | D:9      | Got a colourful robe
  8517 | D:10     | Entered Level 10 of the Dungeon
  9000 | D:10     | Noticed a hill giant
  9018 | D:10     | Killed a hill giant
  9018 | D:10     | Reached XP level 11. HP: 43/58 MP: 15/15
  9440 | D:11     | Noticed Psyche
  9453 | D:11     | Killed Psyche
  9454 | D:11     | Found Hiehiv's Jewellery Shop.
  9501 | D:11     | Bought the ring of Itatryv {-Cast AC+5 Dex+9} for 960 gold pieces
  9648 | D:11     | Identified the +3 ring mail of the Sun {rElec rPois Str+4} (You found it on level 6 of the Dungeon)
  9658 | D:11     | Identified the +2 robe of Dawn {rElec rF++ rN+} (You found it on level 9 of the Dungeon)
  9784 | D:11     | Gained mutation: Your flesh is cold resistant. [potion of beneficial mutation]
  9829 | D:11     | Found a sparkling altar of Nemelex Xobeh.
  9902 | D:11     | Noticed a hill giant
  9941 | D:11     | Reached skill level 10 in Unarmed Combat
  9954 | D:11     | Killed a hill giant
 10341 | D:11     | Found a shattered altar of Ashenzari.
 10358 | D:11     | Found a blossoming altar of Fedhas.
 10410 | D:11     | Found a runed door.
 10469 | D:11     | Found an iron altar of Okawaru.
 10521 | D:11     | Found a sacrificial altar of Ru.
 10542 | D:11     | Found a shimmering altar of Xom.
 10559 | D:11     | Noticed a flayed ghost
 10571 | D:11     | Killed a flayed ghost
 10614 | D:11     | Found an opulent altar of Gozag.
 10677 | D:11     | Bought an uncursed ring of protection from fire for 325 gold pieces
 10702 | D:12     | Got a fine scale mail
 10713 | D:12     | Identified the +0 scale mail of Brifab {rN+ Int+4 Dex-5 Stlth+} (You found it on level 12 of the Dungeon)
 10763 | D:12     | Noticed a hill giant
 10780 | D:12     | Killed a hill giant
 10780 | D:12     | Gained mutation: You regenerate. [vine stalker growth]
 10780 | D:12     | Reached XP level 12. HP: 53/65 MP: 14/16
 11024 | D:12     | Noticed a six-headed hydra
 11029 | D:12     | Killed a six-headed hydra
 11040 | D:12     | Reached skill level 10 in Shields
 11173 | D:12     | Noticed a hill giant
 11183 | D:12     | Killed a hill giant
 11409 | D:12     | You fall through a shaft!
 11550 | D:13     | Found a frozen archway.
 11595 | IceCv    | Entered an ice cave
 11657 | IceCv    | Reached skill level 10 in Fighting
 11770 | IceCv    | Gained mutation: You can spit poison. [potion of beneficial mutation]
 11808 | IceCv    | Gained mutation: You are partially covered in large bone plates (AC +2, SH +2). [potion of beneficial mutation]
 12021 | IceCv    | Reached skill level 11 in Fighting
 12060 | IceCv    | Noticed a frost giant
 12091 | IceCv    | Killed a frost giant
 12091 | IceCv    | Reached skill level 5 in Dodging
 12091 | IceCv    | Reached XP level 13. HP: 63/74 MP: 17/17
 12453 | D:13     | Found Wav Blou's Antique Weapon Shoppe.
 12507 | D:13     | Noticed a six-headed hydra
 12514 | D:13     | Killed a six-headed hydra
 12836 | D:13     | Noticed Norris
 13036 | D:13     | Noticed a tengu warrior
 13054 | D:13     | Killed a tengu warrior
 13171 | D:13     | Reached skill level 10 in Armour
 13391 | D:13     | Noticed Donald
 13511 | D:13     | Killed Donald
 13789 | D:11     | Killed an unseen horror
 13794 | D:11     | Bought the ring of Shrian {rC- MR+ EV+4 SInv} for 595 gold pieces
 13794 | D:11     | Bought a cursed ring of teleportation for 188 gold pieces
 14040 | Orc:1    | Entered Level 1 of the Orcish Mines
 14437 | Orc:4    | Entered Level 4 of the Orcish Mines
 14437 | Orc:4    | Found Twilaigy's Assorted Antiques.
 14452 | Orc:4    | Found an iron altar of Okawaru.
 14455 | Orc:4    | Bought a scroll of identify for 60 gold pieces
 14455 | Orc:4    | Bought a viscous puce potion for 27 gold pieces
 14455 | Orc:4    | Bought a potion of agility for 120 gold pieces
 14455 | Orc:4    | Bought a scroll of fog for 60 gold pieces
 14455 | Orc:4    | Bought a notched iron ring for 150 gold pieces
 14455 | Orc:4    | Bought a potion of curing for 90 gold pieces
 14455 | Orc:4    | Bought a white potion for 27 gold pieces
 14455 | Orc:4    | Bought a runed bone ring for 150 gold pieces
 14455 | Orc:4    | Bought a scroll of remove curse for 90 gold pieces
 14455 | Orc:4    | Bought a scroll of fear for 105 gold pieces
 15385 | Orc:1    | Found a radiant altar of Vehumet.
 15505 | Orc:1    | Reached skill level 12 in Shields
 15622 | Orc:1    | Reached XP level 14. HP: 79/79 MP: 18/18
 15795 | Orc:4    | Noticed Monkaria's ghost (powerful DDSk)
 15832 | Orc:4    | Killed Monkaria's ghost
 15871 | Orc:4    | Noticed Veiltonx's ghost (powerful GrFi)
 15977 | Orc:4    | Killed Veiltonx's ghost
 16032 | Orc:4    | Noticed Erica
 16042 | Orc:4    | Killed Erica
 16215 | Orc:4    | Noticed Urug
 16232 | Orc:4    | Killed Urug
 16311 | Orc:4    | Found a staircase to the Elven Halls.
 16364 | Orc:4    | Reached skill level 13 in Shields
 16425 | Orc:4    | Found Qahat's Antique Weapon Shoppe.
 16425 | Orc:4    | Found Gasu's Jewellery Shop.
 16425 | Orc:4    | Found Nisixzet's Magic Scroll Boutique.
 16425 | Orc:4    | Found Cloty's Food Boutique.
 16674 | Orc:4    | Bought a scroll of enchant armour for 112 gold pieces
 16674 | Orc:4    | Bought a scroll of immolation for 52 gold pieces
 16674 | Orc:4    | Bought a scroll of fog for 30 gold pieces
 16674 | Orc:4    | Bought a scroll of remove curse for 45 gold pieces
 16674 | Orc:4    | Bought a scroll of fear for 52 gold pieces
 16674 | Orc:4    | Bought a scroll of teleportation for 45 gold pieces
 16674 | Orc:4    | Bought a scroll of identify for 30 gold pieces
 16674 | Orc:4    | Bought a scroll of enchant armour for 112 gold pieces
 16674 | Orc:4    | Bought a scroll of identify for 30 gold pieces
 16674 | Orc:4    | Bought a scroll of identify for 30 gold pieces
 16674 | Orc:4    | Bought a scroll of identify for 30 gold pieces
 16690 | Orc:4    | Bought a beef jerky for 19 gold pieces
 16690 | Orc:4    | Bought a beef jerky for 19 gold pieces
 16690 | Orc:4    | Bought a beef jerky for 19 gold pieces
 16690 | Orc:4    | Bought 4 fruits for 78 gold pieces
 16690 | Orc:4    | Bought 3 slices of pizza for 58 gold pieces
 16690 | Orc:4    | Bought 3 fruits for 58 gold pieces
 16726 | Orc:4    | Bought a cursed -3 ring of strength for 28 gold pieces
 16729 | Orc:4    | Bought the amulet of Red Wine {+Rage Str+4 Dex-5 Slay+2} for 746 gold pieces
 16796 | Orc:4    | Found Noguykk's Armour Boutique.
 16805 | Orc:4    | Bought the +2 helmet of the Tundras {Str+4} for 388 gold pieces
 17073 | Lair:1   | Entered Level 1 of the Lair of Beasts
 17491 | Lair:1   | Noticed Harold
 17506 | Lair:1   | Killed Harold
 17506 | Lair:1   | Reached skill level 14 in Shields
 19047 | Lair:3   | Found a dark tunnel.
 19063 | Volcano  | Entered a volcano
 19167 | Volcano  | Reached skill level 15 in Shields
 19291 | Lair:3   | Found a staircase to the Snake Pit.
 19394 | Lair:3   | Reached XP level 15. HP: 78/82 MP: 19/19
 19481 | Lair:3   | Noticed Gastronok
 19497 | Lair:3   | Killed Gastronok
 20259 | Lair:4   | Found a labyrinth entrance.
 20268 | Lab      | Entered a labyrinth
 22383 | Lab      | Got a crude sapphire amulet
 22406 | Lab      | Identified the amulet of Streanello {Regen+ Dex+7} (You found it in a labyrinth)
 22870 | Lair:4   | Found a staircase to the Swamp.
 24440 | Lair:6   | Found a staircase to the Slime Pits.
 24812 | Lair:6   | You fall through a shaft for 2 floors!
 24812 | Lair:8   | Entered Level 8 of the Lair of Beasts
 25592 | Lair:8   | Got a warped jade ring
 25594 | Lair:8   | Identified the ring of the Hart {+/*Tele rPois MR- Dex+2} (You found it on level 8 of the Lair of Beasts)
 26828 | Lair:7   | Reached skill level 10 in Dodging
 27064 | Lair:7   | Reached skill level 1 in Evocations
 27064 | Lair:7   | Reached XP level 16. HP: 87/87 MP: 21/21
 27626 | Snake:1  | Entered Level 1 of the Snake Pit
 27826 | Snake:1  | Noticed Roxanne
 27942 | Snake:1  | Reached skill level 5 in Evocations
 29943 | Snake:4  | Noticed Aizul
 29968 | Snake:4  | Killed Aizul
 30143 | Snake:4  | Reached skill level 10 in Evocations
 31063 | Snake:4  | Reached XP level 17. HP: 91/91 MP: 31/31
 31229 | Snake:4  | Reached skill level 16 in Shields
 31316 | Snake:5  | Entered Level 5 of the Snake Pit
 31536 | Snake:5  | Noticed Snorg
 31540 | Snake:5  | Noticed Vashnia
 31557 | Snake:5  | Killed Snorg
 31567 | Snake:5  | Killed Vashnia
 31870 | Snake:5  | Noticed Frances
 31887 | Snake:5  | Killed Frances
 32237 | Snake:5  | Reached skill level 17 in Shields
 32354 | Snake:5  | Got a serpentine rune of Zot
 32628 | Swamp:1  | Entered Level 1 of the Swamp
 33146 | Swamp:4  | Reached XP level 18. HP: 96/96 MP: 32/32
 33540 | Swamp:5  | Entered Level 5 of the Swamp
 33576 | Swamp:5  | Noticed Saint Roka
 33604 | Swamp:5  | Killed Saint Roka
 33920 | Swamp:5  | Got a blackened buckler
 33941 | Swamp:5  | Identified the cursed -3 buckler of the Hidden Wishes {rElec rF+ Int+2 Dex-4} (You found it on level 5 of the Swamp)
 33987 | Swamp:5  | Got a decaying rune of Zot
 34044 | Swamp:3  | Noticed Asterion
 34220 | Swamp:3  | Killed Asterion
 34748 | D:13     | Found a gate to the Vaults.
 35011 | D:14     | Found Weicach's Jewellery Emporium.
 35018 | D:14     | Bought the amulet "Odock" {Ward rF+ rN+} for 348 gold pieces
 35018 | D:14     | Bought the ring of Tumiem {+Fly rElec rN+ Dex+7} for 604 gold pieces
 35203 | D:14     | Got an agate-studded chain mail
 35227 | D:14     | Identified the cursed -5 chain mail of the Pirate {rN++ MR++ Str-2 Int-2} (You took it off an orc priest on level 14 of the Dungeon)
 35622 | D:14     | Reached skill level 18 in Shields
 35984 | D:15     | Entered Level 15 of the Dungeon
 35984 | D:15     | Found Lifiuh's Antique Armour Emporium.
 36001 | D:15     | Bought the +0 cloak of Starlight {rElec rC+ EV+4 Stlth-} for 981 gold pieces
 36014 | D:15     | Bought a sapphire-encrusted ring mail for 216 gold pieces
 36014 | D:15     | Bought a bloodstained plate armour for 672 gold pieces
 36014 | D:15     | Bought a steaming plate armour for 672 gold pieces
 36014 | D:15     | Bought a pair of dazzling gloves for 228 gold pieces
 36014 | D:15     | Bought a crude leather armour for 168 gold pieces
 36027 | D:15     | Identified the +0 ring mail of Mnisiaz {rF+ Regen+ Int+3 Dex-5 SInv} (You bought it in a shop on level 15 of the Dungeon)
 36037 | D:15     | Identified the +1 plate armour of the Great Game {rPois rF- rN+ Str-2 Int+5} (You bought it in a shop on level 15 of the Dungeon)
 36047 | D:15     | Identified the cursed +0 plate armour of Lugonu's Whim {rCorr} (You bought it in a shop on level 15 of the Dungeon)
 36061 | D:15     | Identified the +2 leather armour of Kleptomania {rElec} (You bought it in a shop on level 15 of the Dungeon)
 36086 | D:15     | Identified the +1 pair of gloves of Fortification {rElec rPois Int+3 Dex-4} (You bought it in a shop on level 15 of the Dungeon)
 36097 | D:15     | Bought a pair of glowing gloves for 108 gold pieces
 36097 | D:15     | Bought a pair of embroidered boots for 108 gold pieces
 36113 | D:15     | Identified a +1 pair of boots of running (You bought it in a shop on level 15 of the Dungeon)
 36626 | D:15     | Noticed Nergalle
 36665 | D:15     | Killed Nergalle
 36673 | D:15     | Found a staircase to the Depths.
 37311 | Elf:1    | Entered Level 1 of the Elven Halls
 37403 | Elf:1    | Reached XP level 19. HP: 88/102 MP: 29/33
 37598 | Elf:1    | Identified the Collected Works on Summoning
 38652 | Elf:2    | Found a runed gate.
 38654 | Elf:2    | Found a runed gate.
 38654 | Elf:2    | Found a runed gate.
 38746 | Elf:3    | Entered Level 3 of the Elven Halls
 39123 | Elf:3    | Noticed Kirke
 39142 | Elf:3    | Killed Kirke
 39329 | Elf:3    | Noticed Agnes
 39340 | Elf:3    | Killed Agnes
 39439 | Elf:3    | Noticed Mara
 39453 | Elf:3    | Noticed Chiseanne's illusion
 39532 | Elf:3    | Killed Chiseanne's illusion
 39539 | Elf:3    | Reached skill level 19 in Shields
 39563 | Elf:3    | Noticed Chiseanne's illusion
 39716 | Elf:3    | Killed Chiseanne's illusion
 39791 | Elf:3    | Killed Mara
 39847 | Elf:3    | Identified the Almanac of Confrontation and Fire
 40074 | Elf:3    | Got a smoking shield
 40109 | Elf:3    | Reached XP level 20. HP: 108/108 MP: 34/34
 40133 | Elf:3    | Got a steaming leather armour
 40191 | Elf:3    | Got a dazzling hunting sling
 40192 | Elf:3    | Identified the +2 hunting sling "Homuol" {freeze, rPois SInv} (You found it on level 3 of the Elven Halls)
 40237 | Elf:3    | Identified the Disquisition on the Oath
 40263 | Elf:3    | Identified the -4 leather armour of Xyogreirch {Regen+ MP+9 Slay-4} (You found it on level 3 of the Elven Halls)
 40284 | Elf:3    | Identified the cursed +0 shield of Context {Contam rElec Regen+ Str+3} (You took it off a deep elf demonologist on level 3 of the Elven Halls)
 40521 | Elf:3    | Noticed Louise
 40567 | Elf:3    | Killed Louise
 40925 | Lair:1   | Learned a level 2 spell: Swiftness
 41068 | Vaults:1 | Entered Level 1 of the Vaults
 41068 | Vaults:1 | Found Ghimyfoci's Assorted Antiques.
 41072 | Vaults:1 | Bought a scroll of teleportation for 81 gold pieces
 41072 | Vaults:1 | Bought a scroll of identify for 54 gold pieces
 41072 | Vaults:1 | Bought a crude robe for 153 gold pieces
 41072 | Vaults:1 | Bought a scroll of remove curse for 81 gold pieces
 41083 | Vaults:1 | Identified the cursed -5 robe "Xeibothru" {+Fly Str+5} (You bought it in a shop on level 1 of the Vaults)
 41689 | Vaults:1 | Found a radiant altar of Vehumet.
 41744 | Vaults:1 | Got a transparent hat
 41755 | Vaults:1 | Identified the +1 hat of Jumuel {+Blink rPois rC- MR- Dex+2} (You found it on level 1 of the Vaults)
 42627 | Vaults:2 | Found Pyuqiabb's Jewellery Shoppe.
 42628 | Vaults:2 | Noticed Margery
 42649 | Vaults:2 | Killed Margery
 42898 | Vaults:2 | Reached skill level 20 in Shields
 42912 | Vaults:2 | Reached XP level 21. HP: 71/113 MP: 35/35
 43162 | Vaults:2 | Reached skill level 15 in Unarmed Combat
 43196 | Vaults:2 | Found a staircase to the Crypt.
 43196 | Vaults:2 | Found a basalt altar of Yredelemnul.
 43197 | Vaults:2 | Found an ancient bone altar of Kikubaaqudgha.
 43518 | Vaults:2 | Found Wiebbuh's Food Boutique.
 43524 | Vaults:2 | Bought 5 fruits for 105 gold pieces
 43524 | Vaults:2 | Bought a slice of pizza for 21 gold pieces
 43524 | Vaults:2 | Bought 5 fruits for 105 gold pieces
 43524 | Vaults:2 | Bought a slice of pizza for 21 gold pieces
 43839 | Vaults:3 | Found Cubuokko's Jewellery Shop.
 44771 | Vaults:3 | Found Mawot's Magic Scroll Shoppe.
 44780 | Vaults:3 | Bought a scroll of magic mapping for 56 gold pieces
 44780 | Vaults:3 | Bought 3 scrolls of identify for 96 gold pieces
 44780 | Vaults:3 | Bought a scroll of identify for 32 gold pieces
 44780 | Vaults:3 | Bought a scroll of immolation for 56 gold pieces
 44780 | Vaults:3 | Bought a scroll of immolation for 56 gold pieces
 44780 | Vaults:3 | Bought a scroll of torment for 120 gold pieces
 45163 | Vaults:4 | Identified the Handbook of Transmigration
 46036 | Vaults:4 | Reached XP level 22. HP: 75/121 MP: 36/36
 46752 | Depths:1 | Entered Level 1 of the Depths
 46851 | Depths:1 | Found Styskebb's Distillery.
 46860 | Depths:1 | Bought a potion of restore abilities for 70 gold pieces
 46860 | Depths:1 | Bought 2 potions of curing for 84 gold pieces
 46860 | Depths:1 | Bought 2 potions of might for 112 gold pieces
 46860 | Depths:1 | Bought a potion of resistance for 140 gold pieces
 46860 | Depths:1 | Bought a potion of curing for 42 gold pieces
 46860 | Depths:1 | Bought 3 potions of berserk rage for 210 gold pieces
 46860 | Depths:1 | Bought a potion of resistance for 140 gold pieces
 46860 | Depths:1 | Bought a potion of curing for 42 gold pieces
 47250 | Depths:1 | Found Yteatodgh's Jewellery Shop.
 47813 | Depths:1 | Found a gateway to Hell.
 48048 | Depths:2 | Noticed Jorgrun
 48072 | Depths:2 | Killed Jorgrun
 48130 | Depths:2 | Reached skill level 15 in Fighting
 48552 | Depths:2 | Found a basalt altar of Yredelemnul.
 48628 | Depths:2 | Identified a scroll of acquirement
 48649 | Depths:2 | Got a pair of warped boots
 48660 | Depths:2 | Identified the -1 pair of boots "Hodek" {rF+} (You acquired it on level 2 of the Depths)
 48800 | Depths:2 | Reached XP level 23. HP: 108/126 MP: 37/37
 50496 | Depths:3 | Found a one-way gate leading to the halls of Pandemonium.
 50702 | Depths:4 | Found a one-way gate to the infinite horrors of the Abyss.
 51425 | Depths:4 | Found a gateway to a ziggurat.
 51523 | Depths:4 | Reached XP level 24. HP: 133/133 MP: 38/38
 51618 | Depths:5 | Entered Level 5 of the Depths
 51636 | Depths:5 | Got an ichor-stained ring mail
 51647 | Depths:5 | Identified the +1 ring mail "Thiemiri" {Contam rC++ MP-9 Str+2 Stlth+} (You found it on level 5 of the Depths)
 52036 | Depths:5 | Found a gate to the Realm of Zot.
 53302 | Lair:1   | Bought a manual of Fighting for 1104 gold pieces
 53637 | Vaults:5 | Entered Level 5 of the Vaults
 53985 | Vaults:5 | Reached XP level 25. HP: 110/147 MP: 39/39
 54616 | Vaults:5 | Reached skill level 21 in Fighting
 54915 | Vaults:5 | Noticed an ancient lich
 54916 | Vaults:5 | Noticed an ancient lich
 54925 | Vaults:5 | Killed an ancient lich
 54932 | Vaults:5 | Killed an ancient lich
 55029 | Vaults:5 | Got a silver rune of Zot
 55042 | Vaults:5 | Identified a +4 rod of ignition (9/9) (You took it off a tengu reaver on level 5 of the Vaults)
 55182 | Vaults:5 | Got a dazzling helmet
 55193 | Vaults:5 | Identified the cursed -5 helmet "Odull" {rElec MP-9 Int+6 Dex+3} (You found it on level 5 of the Vaults)
 55461 | Vaults:5 | Got a slimy lead amulet
 55462 | Vaults:5 | Identified the amulet "Schuywn" {rMut rPois rC- Dex+3} (You found it on level 5 of the Vaults)
 55958 | Vaults:5 | Got a crude plate armour
 55969 | Vaults:5 | Identified the +10 plate armour "Tayxta" {rC+} (You took it off a vault warden on level 5 of the Vaults)
 56420 | Lair:1   | Bought the ring of the Stag {+cTele +Fly rF++ Dex+4} for 1360 gold pieces
 56909 | Zig:1    | Entered Level 1 of a ziggurat
 56937 | Zig:2    | Entered Level 2 of a ziggurat
 56982 | Zig:2    | Reached XP level 26. HP: 155/155 MP: 40/40
 56986 | Zig:3    | Entered Level 3 of a ziggurat
 57038 | Zig:4    | Entered Level 4 of a ziggurat
 57090 | Zig:5    | Entered Level 5 of a ziggurat
 57115 | Zig:5    | Reached skill level 22 in Unarmed Combat
 57142 | Zig:5    | Got a transparent ivory amulet
 57143 | Zig:5    | Identified the amulet "Crag" {+Rage Dex+3} (You found it on level 5 of a ziggurat)
 57154 | Zig:5    | Learned a level 1 spell: Apportation
 57171 | Zig:5    | Got a faintly glowing ivory ring
 57173 | Zig:5    | Identified the ring "Quomept" {rC+ rN+ Int+3} (You found it on level 5 of a ziggurat)
 57183 | Zig:6    | Entered Level 6 of a ziggurat
 57244 | Zig:6    | Identified a +4 rod of ignition (12/12) (You found it on level 6 of a ziggurat)
 57261 | Zig:7    | Entered Level 7 of a ziggurat
 57322 | Zig:7    | Identified Fedyeps' Grimoire of Companions
 57339 | Zig:7    | Got a faintly glowing ring mail
 57356 | Zig:7    | Identified the +3 ring mail of Generosity {+Inv rF- rN++ Dex+5} (You found it on level 7 of a ziggurat)
 57371 | Zig:8    | Entered Level 8 of a ziggurat
 57501 | Zig:9    | Entered Level 9 of a ziggurat
 57507 | Zig:9    | Reached skill level 23 in Unarmed Combat
 57510 | Zig:9    | Reached XP level 27. HP: 151/159 MP: 38/40
 57619 | Zig:9    | Identified the Collected Works on Snow and Hexes
 57704 | Zig:10   | Entered Level 10 of a ziggurat
 57769 | Zig:10   | Identified the Compendium of Fascination
 57823 | Zig:11   | Entered Level 11 of a ziggurat
 57840 | Zig:11   | Noticed an ancient lich
 57854 | Zig:11   | Killed an ancient lich
 57905 | Zig:11   | Got a polished troll leather armour
 57918 | Zig:11   | Identified the +1 troll leather armour of Least Resistance {Regen+ rCorr Str+7 Stlth-} (You found it on level 11 of a ziggurat)
 57938 | Zig:11   | Got an ancient leather armour
 57950 | Zig:11   | Identified the +1 leather armour of Egalitarianism {rC- rN+ rCorr Slay+2} (You found it on level 11 of a ziggurat)
 57965 | Zig:12   | Entered Level 12 of a ziggurat
 57980 | Zig:12   | Identified a +6 rod of destruction (11/11) (You found it on level 11 of a ziggurat)
 58001 | Zig:12   | Reached skill level 24 in Unarmed Combat
 58094 | Zig:12   | Identified Witchery Continued
 58115 | Zig:13   | Entered Level 13 of a ziggurat
 58141 | Zig:13   | HP: 3/159 [titan/the air (23)]
 58141 | Zig:13   | Killed from afar by a spriggan air mage

Action                   |  1- 3 |  4- 6 |  7- 9 | 10-12 | 13-15 | 16-18 | 19-21 | 22-24 | 25-27 || total
-------------------------+-------+-------+-------+-------+-------+-------+-------+-------+-------++-------
Melee: Unarmed           |   120 |   269 |   558 |   923 |  1802 |  1558 |  1641 |  1595 |   565 ||  9031
 Fire: Blowgun           |       |       |       |     8 |       |       |       |       |       ||     8
Throw: Tomahawk          |       |       |       |       |    11 |       |       |       |       ||    11
       Throwing net      |       |       |       |       |     1 |       |       |       |       ||     1
       Javelin           |       |       |       |       |     2 |    12 |       |       |       ||    14
Invok: Potion Petition   |       |       |     1 |       |     1 |       |       |       |       ||     2
       Call Merchant     |       |       |     1 |       |     3 |     1 |     2 |     2 |     1 ||    10
 Abil: Evoke Flight      |       |       |       |       |       |       |       |       |     1 ||     1
Evoke: Wand              |       |       |       |     3 |     3 |     6 |    13 |     1 |       ||    26
       Stone of tremors  |       |       |       |     1 |     2 |     2 |     2 |     1 |     1 ||     9
       Disc of storms    |       |       |       |       |       |    46 |    67 |     7 |    12 ||   132
       Box of beasts     |       |       |       |       |       |    12 |     2 |       |       ||    14
       Fan of gales      |       |       |       |       |       |       |     1 |     1 |     2 ||     4
       Rod               |       |       |       |       |       |       |       |       |    22 ||    22
       Lamp of fire      |       |       |       |       |       |       |       |       |     1 ||     1
  Use: Scroll            |       |    12 |     7 |    13 |    19 |    17 |    11 |    10 |    13 ||   102
       Potion            |       |       |     3 |     9 |     7 |     8 |     1 |       |     3 ||    31
 Stab: Sleeping          |     3 |     3 |       |     2 |    16 |    16 |     3 |       |       ||    43
       Distracted        |       |       |     2 |     4 |    21 |    18 |    21 |    14 |     8 ||    88
       Invisible         |       |       |       |    10 |       |       |       |       |       ||    10
       Fleeing           |       |       |       |     1 |       |       |       |       |       ||     1
       Confused          |       |       |       |       |       |     1 |       |       |       ||     1
  Eat: Royal jelly       |       |     1 |       |       |       |       |     1 |       |       ||     2
       Chunk             |       |     1 |       |       |       |       |       |       |       ||     1
       Fruit             |       |     5 |       |       |    17 |    10 |     2 |    15 |     4 ||    53
       Bread ration      |       |     1 |     2 |     2 |     2 |     6 |     4 |     2 |     2 ||    21
       Pizza             |       |       |       |     8 |     4 |     1 |     2 |     1 |     2 ||    18
       Beef jerky        |       |       |       |     1 |     6 |     2 |       |     3 |     2 ||    14
       Meat ration       |       |       |       |     1 |     3 |       |       |       |       ||     4
